 Dungeon Crawl Stone Soup version 0.27.1-1-g398f81649c (webtiles) character file.

Game seed: 11026295747382689974

1958 jlumianski the Carver (level 9, -3/78 HPs)
             Began as a Deep Dwarf Fighter on Sept 17, 2021.
             Killed from afar by an electric eel (13 damage)
             ... with a bolt of electricity
             ... on level 7 of the Dungeon.
             The game lasted 00:30:52 (5502 turns).

jlumianski the Carver (Deep Dwarf Fighter)          Turns: 5502, Time: 00:30:53

Health: -3/78      AC:  7    Str: 23    XL:     9   Next: 0%
Magic:  5/5        EV: 13    Int:  9    God:
Gold:   89         SH: 11    Dex: 12    Spells: 8/8 levels left

rFire    . . .     SeeInvis .   n - +2 double sword (elec)
rCold    . . .     Faith    .   c - +1 kite shield
rNeg     . . .     Spirit   .   b - +0 scale mail
rPois    .         Reflect  .   (no helmet)
rElec    .         Harm     .   (no cloak)
rCorr    .         Rampage  .   (no gloves)
Will     +....                  (no boots)
Stlth    ..........             (no amulet)
HPRegen  0.00/turn              p - +4 ring of evasion
MPRegen  0.09/turn              (no ring)

@: very slow
A: damage resistance, heal wounds, sense surroundings 2, no regeneration
a: Heal Wounds


You were on level 7 of the Dungeon.
You visited 2 branches of the dungeon, and saw 8 of its levels.
You also visited: Ossuary.

You collected 349 gold pieces.
You spent 260 gold pieces at shops.

Inventory:

Hand Weapons
 a - a +0 war axe
 m - a +0 hunting sling
 n - a +2 double sword of electrocution (weapon)
 r - a +3 dagger of freezing
Missiles
 g - 244 stones (quivered)
 j - 35 bolts
 l - 98 sling bullets
 y - 11 atropa-tipped darts
Armour
 b - a +0 scale mail (worn)
 c - a +1 kite shield (worn)
Jewellery
 e - an amulet of guardian spirit
 p - a +4 ring of evasion (left hand)
Wands
 x - a wand of iceblast (7)
Scrolls
 o - 2 scrolls of immolation
 q - a scroll of enchant armour
 v - a scroll of torment
 B - a scroll of noise
Potions
 d - 2 potions of might
 f - 3 potions of haste
 h - a potion of heal wounds
 i - 5 potions of curing
 k - a potion of berserk rage
 s - a potion of lignification
 t - a potion of attraction
 u - a potion of degeneration
 w - a potion of brilliance
 A - a potion of flight


   Skills:
 + Level 4.0 Fighting
 * Level 8.2 Long Blades
 - Level 2.5 Axes
 + Level 2.0(2.2) Slings
 + Level 1.0(1.4) Throwing
 + Level 5.7 Armour
 + Level 2.7 Dodging
 + Level 6.1 Shields


You had 8 spell levels left.
You didn't know any spells.
Your spell library contained the following spells:

 Spells                   Type           Power      Damage    Failure   Level
 Corona                   Hex            0%         N/A       97%         1
 Shock                    Conj/Air       0%         1d3       97%         1
 Ensorcelled Hibernation  Hex/Ice        0%         N/A       99%         2
 Summon Guardian Golem    Hex/Summ       0%         N/A       100%        3
 Swiftness                Air            0%         N/A       100%        3
 Tukima's Dance           Hex            0%         N/A       100%        3
 Airstrike                Air            0%         N/A       100%        4
 Summon Lightning Spire   Summ/Air       0%         N/A       100%        4
 Lightning Bolt           Conj/Air       0%         1d11      100%        5
 Orb of Destruction       Conj           0%         N/A       100%        7
 Spellforged Servitor     Conj/Summ      0%         N/A       100%        7
 Borgnjor's Revivificati  Necr           0%         N/A       100%        8
 Necromutation            Tmut/Necr      0%         N/A       100%        8
 Death's Door             Necr           0%         N/A       100%        9


Dungeon Overview and Level Annotations

Branches:
Dungeon (7/15)             Temple (1/1) D:5         Ossuary (visited)

Altars:
Ashenzari
Cheibriados
Dithmenos
Elyvilon
Fedhas
Gozag
Hepliaklqana
Kikubaaqudgha
Nemelex Xobeh
Okawaru
Qazlal
Ru
Sif Muna
Trog
Uskayaw
Vehumet
Wu Jian
Xom
Yredelemnul
Zin
The Shining One

Shops:
D:4 *   D:6 =   D:7 [


Innate Abilities, Weirdness & Mutations

You are resistant to damage.
You can heal yourself by infusing magical energy.
You passively map the area around you.
You do not regenerate.


Message History

The plant is lightly damaged.
A nearby plant withers and dies.
A nearby plant withers and dies.
The electric eel shoots out a bolt of lightning at you!
The bolt of electricity hits you!
* * * LOW HITPOINT WARNING * * *
There is an open door here.
You close the door.
There is an escape hatch in the ceiling here.
You see here a +0 trident.
Okay, then.
Found a scroll labelled JUZXOL IQITO.
B - a scroll labelled JUZXOL IQITO
As you read the scroll of identify, it crumbles to dust.
B - a scroll of noise You enter the shallow water.
Moving in this stuff is going to be slow.
You enter the shallow water.
Moving in this stuff is going to be slow.
You enter the shallow water.
Moving in this stuff is going to be slow.
There is an escape hatch in the floor here.
You enter the shallow water.
Moving in this stuff is going to be slow.
Found 3 gold pieces.
An electric eel comes into view.
The electric eel shoots out a bolt of lightning at you!
The bolt of electricity misses you.
The electric eel shoots out a bolt of lightning at you!
The bolt of electricity hits you!
* * * LOW HITPOINT WARNING * * *
You enter the shallow water.
Moving in this stuff is going to be slow.
You see here 3 gold pieces.
You now have 89 gold pieces (gained 3).
You enter the shallow water.
Moving in this stuff is going to be slow.
The electric eel shoots out a bolt of lightning at you!
The bolt of electricity hits you!
You die...

#.#.# #..♣.≈≈≈P≈≈≈≈≈≈≈≈≈
###.#.#####.≈≈.≈≈≈≈≈≈≈≈≈≈≈≈≈
#.....##...≈♣≈.≈≈≈≈♣♣♣≈≈≈≈≈≈
########..♣♣≈≈.≈≈≈♣♣ ♣♣♣≈≈≈P
#..≈♣≈≈.≈≈≈♣ ♣≈≈≈≈
#..♣♣≈≈.≈≈≈♣ ♣≈≈≈≈
#...♣≈≈.≈≈≈♣ ♣♣♣≈≈
#...≈♣≈.≈≈♣# #P≈ #...@♣≈.≈≈♣
##♣ #...♣♣≈.P≈≈ * #...♣ ≈
#..;≈≈ * ##.♣≈≈ , ≈ #.≈P≈≈ ≈
* #.♣P≈;. #.≈≈≈≈.≈≈≈ *,,≈ ≈,


You could see an electric eel.

Vanquished Creatures
  A troll (D:7)
  A water moccasin (D:6)
  A sky beast (D:7)
  An ogre (D:4)
  A centaur (D:7)
  2 phantoms
  A bullfrog (D:6)
  2 scorpions
  A water moccasin zombie (D:5)
  2 water moccasin skeletons (D:5)
  5 wights
  A gnoll shaman (D:6)
  2 hounds
  2 orc priests
  2 centaur skeletons
  A bullfrog zombie (D:6)
  2 jellies
  An iguana (D:5)
  2 orc wizards
  A killer bee zombie (D:5)
  3 mummies (Ossuary)
  5 gnolls (D:5)
  7 adders
  2 howler monkey skeletons
  2 white imps
  An ufetubus (D:5)
  An adder zombie (Ossuary)
  A worm (D:1)
  A dart slug (D:4)
  11 orcs
  5 bats
  9 endoplasms
  2 giant cockroaches
  5 goblins
  7 hobgoblins
  6 jackals
  6 quokkas
  5 ball pythons
  5 frilled lizards
  A gnoll zombie (Ossuary)
  5 goblin zombies (Ossuary)
  A hobgoblin zombie (Ossuary)
  10 kobolds
  4 kobold zombies (Ossuary)
  3 quokka zombies (Ossuary)
  6 rats
  3 rat zombies (Ossuary)
149 creatures vanquished.

Vanquished Creatures (others)
  16 plants (D:7)
16 creatures vanquished.

Grand Total: 165 creatures vanquished

Notes
Turn   | Place    | Note
-------+----------+-------------------------------------------
     0 | D:1      | jlumianski the Deep Dwarf Fighter began the quest for the
                  | Orb.
     0 | D:1      | Reached XP level 1. HP: 20/20 MP: 1/1
   173 | D:1      | Reached XP level 2. HP: 25/27 MP: 2/2
   549 | D:1      | Found a faded altar of an unknown god.
   760 | D:2      | Found a hide-covered altar of Uskayaw.
   843 | D:1      | Reached XP level 3. HP: 22/33 MP: 3/3
  1471 | D:3      | Reached skill level 1 in Long Blades
  1486 | D:3      | Reached XP level 4. HP: 18/42 MP: 4/4
  1802 | D:4      | Found Vuwifral's General Store.
  1816 | D:4      | Reached skill level 1 in Dodging
  1879 | D:4      | Found a sand-covered staircase.
  1921 | Ossuary  | Entered an ossuary
  1950 | Ossuary  | Reached skill level 2 in Long Blades
  1950 | Ossuary  | Reached XP level 5. HP: 38/49 MP: 5/5
  2185 | D:3      | Reached skill level 3 in Long Blades
  2392 | D:3      | Found an iron altar of Okawaru.
  2938 | D:4      | Noticed an ogre
  2950 | D:4      | Killed an ogre
  2951 | D:4      | Reached skill level 1 in Throwing
  2951 | D:4      | Reached XP level 6. HP: 37/56 MP: 6/6
  2992 | D:4      | Bought a scroll of brand weapon for 260 gold pieces
  3004 | D:5      | Entered Level 5 of the Dungeon
  3051 | D:6      | Found Wuss's Jewellery Boutique.
  3065 | D:5      | Reached skill level 4 in Long Blades
  3091 | D:5      | Reached skill level 1 in Slings
  3165 | D:5      | Reached XP level 7. HP: 46/62 MP: 6/6
  3171 | D:5      | Found a staircase to the Ecumenical Temple.
  3179 | Temple   | Entered the Ecumenical Temple
  3604 | D:5      | Reached skill level 5 in Long Blades
  3899 | D:6      | Reached skill level 6 in Long Blades
  4013 | D:5      | Found a sparkling altar of Nemelex Xobeh.
  4130 | D:5      | Reached skill level 5 in Shields
  4182 | D:5      | Found a bloodstained altar of Trog.
  4263 | D:5      | Reached XP level 8. HP: 20/72 MP: 7/7
  4403 | D:6      | Reached skill level 5 in Armour
  4523 | D:6      | Reached skill level 7 in Long Blades
  4802 | D:7      | Found Feoket's Antique Armour Emporium.
  4839 | D:7      | Noticed a troll
  4854 | D:7      | Killed a troll
  4947 | D:7      | Reached skill level 8 in Long Blades
  5043 | D:7      | Gained mutation: You passively map the area around you.
                  | [Deep Dwarf growth]
  5043 | D:7      | Reached XP level 9. HP: 11/78 MP: 6/6
  5502 | D:7      | Killed from afar by an electric eel

Illustrated notes

Levels and vault maps discovered:
D:1:      zaba_arrival_water, layout_basic,
          shapermc_ecumenical_altar_mp_vishouse
D:2:      layout_basic, basic_altar
D:3:      layout_basic, okawaru_altar_gauntlet_db
D:4:      layout_rooms, serial_shops, nicolae_shop_trees, enter_ossuary_1,
          minmay_misc_feat_ornament
D:5:      layout_basic, nemelex_spade_bored_becter, lightli_temple_of_fire,
          minmay_temple_entry_junction
D:6:      layout_rooms, minmay_shop_enchanted_jewellery
D:7:      minmay_klotski, layout_basic, serial_bayou, serial_bayou_pond_e,
          serial_bayou_lagoon_b, serial_bayou_ford_a, serial_bayou_pond_c,
          serial_shops, nicolae_shop_waterfront
Temple:   dpeg_five_rooms_temple

Skill      XL: |  1  2  3  4  5  6  7  8 |
---------------+-------------------------+-----
Shields        | 4 5 6 |  6.1
Fighting       | 3 4 |  4.0
Long Blades    | 1 2 3 4 6 8 |  8.2
Dodging        | 1 2 |  2.7
Armour         | 4 5 |  5.7
Throwing       | 1 |  1.0
Slings         | 1 2 |  2.0
Axes           | |  2.5

Action                   |  1- 3 |  4- 6 |  7- 9 || total
-------------------------+-------+-------+-------++-------
Melee: War axe           |   124 |       |       ||   124
       Double sword      |       |   158 |   144 ||   302
 Fire: Hunting sling     |       |    14 |    17 ||    31
Throw: Stone             |    40 |    11 |       ||    51
 Abil: Heal Wounds       |       |     3 |     5 ||     8
  Use: Potion            |     1 |     1 |       ||     2
       Scroll            |       |     8 |    11 ||    19
Armor: Scale mail        |    70 |    53 |    33 ||   156
Dodge: Dodged            |    54 |    78 |    86 ||   218
Block: Kite shield       |    81 |    87 |   130 ||   298
       Rpst.: Double sword |       |    26 |    17 ||    43
